 Dungeon Crawl Stone Soup version 0.26-a0-1129-gc5df7fbe6a (webtiles) character file.

Game seed: 516839564582634597

189244 Lucherd the Unseen (level 18, 0/181 HPs)
             Began as a Naga Wanderer on Dec 19, 2020.
             Was a High Priest of Elyvilon.
             Slain by a naga warrior
             ... wielding a +0 halberd
              (4 damage)
             ... on level 4 of the Snake Pit.
             The game lasted 01:25:18 (39270 turns).

Lucherd the Unseen (Naga Wanderer)                 Turns: 39270, Time: 01:25:19

Health: 0/181      AC: 20    Str: 17    XL:     18   Next: 57%
Magic:  36/36      EV:  5    Int: 15    God:    Elyvilon [*****.]
Gold:   2480       SH: 17    Dex: 18    Spells: 19/23 levels left

rFire    . . .     SeeInvis +   Y - +5 broad axe (flame)
rCold    . . .     Faith    .   Q - +0 kite shield
rNeg     + . .     Spirit   .   r - +1 ring mail of Lesser Demons {MP+9 Slay+2}
rPois    +         Reflect  +   n - +2 helmet
rElec    +         Harm     .   R - +2 cloak
rCorr    .         Rampage  .   y - +3 pair of gloves of the Serpent {rElec Will+ Int+2}
Will     +++..                  (no barding)
Stlth    ++++++....             z - amulet of reflection
HPRegen  0.40/turn              B - +4 ring of slaying
MPRegen  0.25/turn              k - ring of Kualew {rPois rN+ Dex+2}

@: lethally poisoned (0 -> -2), constricted, very slow
A: large, see invisible, deformed body, poison resistance, slowness 2, spit
poison 1, constrict 1, AC +6
a: Spit Poison, Renounce Religion, Lesser Healing, Heal Other, Purification,
Greater Healing, Divine Vigour, Divine Protection


You were on level 4 of the Snake Pit.
You worshipped Elyvilon.
Elyvilon was extremely pleased with you.
You visited 5 branches of the dungeon, and saw 28 of its levels.
You also visited: Sewer.

You collected 4368 gold pieces.
You spent 1888 gold pieces at shops.

Inventory:

Hand Weapons
 a - a +0 hand crossbow of freezing
 b - a +4 spectral broad axe
 Y - a +5 broad axe of flaming (weapon)
Missiles
 c - 308 bolts
 P - a throwing net
Armour
 n - a +2 helmet (worn)
 r - the +1 ring mail of Lesser Demons (worn) {MP+9 Slay+2}
   (You found it in a sewer)

   It affects your accuracy and damage with ranged weapons and melee attacks
   (+2).
   It affects your magic capacity (+9).
 y - the +3 pair of gloves of the Serpent (worn) {rElec Will+ Int+2}
   (You bought it in a shop on level 4 of the Dungeon)

   It affects your intelligence (+2).
   It insulates you from electricity.
   It affects your willpower, your defense against some magical effects.
 Q - a +0 kite shield (worn)
 R - a +2 cloak (worn)
Jewellery
 k - the ring of Kualew (right hand) {rPois rN+ Dex+2}
   (You found it on level 13 of the Dungeon)

   [ring of positive energy]

   It affects your dexterity (+2).
   It protects you from poison.
   It protects you from negative energy.
 z - an amulet of reflection (around neck)
 B - a +4 ring of slaying (left hand)
 K - an uncursed ring of protection from cold
 S - an uncursed ring of flight
 V - the ring "Dequ" {Fire Str+4}
   (You found it on level 2 of the Lair of Beasts)

   [ring of fire]

   It enhances your fire magic.
   It affects your strength (+4).
   It protects you from fire.
   It makes you vulnerable to cold.
 Z - an uncursed ring of resist corrosion
Wands
 f - a wand of paralysis (19)
 g - a wand of acid (14)
 l - a wand of flame (47)
 C - a wand of polymorph (29)
 D - a wand of digging (7)
 H - a wand of enslavement (3)
Scrolls
 h - 10 scrolls of enchant armour
 i - 8 scrolls of teleportation
 j - 4 scrolls of fog
 p - 2 scrolls of blinking
 s - a scroll of holy word
 u - 17 scrolls of remove curse
 A - 7 scrolls of amnesia
 F - 6 scrolls of immolation
 J - 2 scrolls of noise
 L - a scroll of enchant weapon
 M - 5 scrolls of identify
 N - 3 scrolls of fear
 O - 2 scrolls of summoning
 X - 3 scrolls of magic mapping
Potions
 d - 3 potions of magic
 e - 4 potions of heal wounds
 m - 9 potions of flight
 o - a potion of berserk rage
 q - 3 potions of might
 t - 3 potions of brilliance
 v - 2 potions of cancellation
 w - 7 potions of curing
 x - 6 potions of mutation
 E - 6 potions of ambrosia
 G - 3 potions of attraction
 I - a potion of resistance
 T - 2 potions of haste
 W - a potion of invisibility
Miscellaneous
 U - a phial of floods


   Skills:
 * Level 15.8 Fighting
 + Level 12.5 Axes
 - Level 10.0 Crossbows
 - Level 1.0 Throwing
 - Level 3.2 Armour
 + Level 17.5 Stealth
 + Level 9.0 Shields
 + Level 3.2 Spellcasting
 + Level 3.6 Summonings
 + Level 3.6 Air Magic
 + Level 12.1 Invocations
 - Level 10.0 Evocations


You had 19 spell levels left.
You knew the following spells:

 Your Spells              Type           Power        Failure   Level
k - Summon Lightning Spi  Summ/Air       13%          61%         4

Your spell library contained the following spells:

 Spells                   Type           Power        Failure   Level
 Summon Small Mammal      Summ           52%          9%          1
 Swiftness                Air            13%          12%         2
 Shock                    Conj/Air       28%          17%         1
 Poisonous Vapours        Pois/Air       14%          26%         2
 Animate Skeleton         Necr           4%           34%         1
 Apportation              Tloc           4%           34%         1
 Beastly Appendage        Tmut           4%           34%         1
 Corona                   Hex            2%           34%         1
 Foxfire                  Conj/Fire      8%           34%         1
 Pain                     Necr           8%           34%         1
 Static Discharge         Conj/Air       7%           45%         3
 Blink                    Tloc           N/A          47%         2
 Ensorcelled Hibernation  Hex/Ice        4%           47%         2
 Wereblood                Tmut           2%           47%         2
 Mephitic Cloud           Conj/Pois/Air  6%           54%         3
 Airstrike                Air            6%           61%         4
 Confusing Touch          Hex            2%           71%         3
 Conjure Flame            Conj/Fire      2%           71%         3
 Dazzling Flash           Conj/Hex       4%           71%         3
 Gell's Gravitas          Tloc           1%           71%         3
 Ignite Poison            Fire/Tmut/Pois 2%           71%         3
 Inner Flame              Hex/Fire       2%           71%         3
 Lesser Beckoning         Tloc           1%           71%         3
 Spider Form              Tmut/Pois      1%           71%         3
 Teleport Other           Tloc           2%           71%         3
 Tukima's Dance           Hex            2%           71%         3
 Vampiric Draining        Necr           1%           71%         3
 Animate Dead             Necr           1%           98%         4
 Ice Form                 Ice/Tmut       2%           98%         4
 Passage of Golubria      Tloc           N/A          98%         4
 Petrify                  Tmut/Erth      2%           98%         4
 Sticky Flame             Conj/Fire      2%           98%         4
 Lightning Bolt           Conj/Air       3%           99%         5
 Agony                    Necr           2%           100%        5
 Alistair's Intoxication  Tmut/Pois      1%           100%        5
 Blade Hands              Tmut           1%           100%        5
 Fireball                 Conj/Fire      1%           100%        5
 Metabolic Englaciation   Hex/Ice        1%           100%        5
 Yara's Violent Unravell  Hex/Tmut       1%           100%        5
 Freezing Cloud           Conj/Ice/Air   3%           100%        6
 Invisibility             Hex            2%           100%        6
 Starburst                Conj/Fire      1%           100%        6
 Summon Hydra             Summ           6%           100%        7
 Ignition                 Fire           1%           100%        8
 Dragon's Call            Summ           6%           100%        9


Dungeon Overview and Level Annotations

Branches:
Dungeon (15/15)            Temple (1/1) D:6            Lair (6/6) D:9
  Swamp (0/4) Lair:3        Snake (4/4) Lair:4        Slime (0/5) Lair:5
    Orc (2/2) D:9             Elf (0/3) Orc:2        Vaults (0/5) D:13
 Depths (0/5) D:15          Sewer (visited)

Altars:
Ashenzari
Cheibriados
Dithmenos
Elyvilon
Gozag
Kikubaaqudgha
Makhleb
Nemelex Xobeh
Okawaru
Ru
Sif Muna
Trog
Vehumet
Wu Jian
Xom
Yredelemnul
Zin
The Shining One
Beogh

Shops:
D:4 ***:!   D:5 (   D:10 =   D:12 (   D:13 !   D:15 }   Orc:2 [(?:

Annotations:
D:7 4 runed translucent doors
Lair:3 3 runed translucent doors, Kiul's ghost, journeyman OpEE
Lair:4 1 runed translucent door, hehateme's ghost, journeyman GnWn


Innate Abilities, Weirdness & Mutations

You cannot wear boots.
Your serpentine skin is tough. (AC +6)
You have supernaturally acute eyesight. (SInv)
Armour fits poorly on your strangely shaped body.
Your system is resistant to poisons. (rPois)
You cover ground very slowly.
You can spit poison.
You can use your snake-like lower body to constrict enemies.


Message History

You grab the naga warrior.
The naga warrior is lightly wounded.
You constrict the naga warrior, but do no damage.
You feel sick. The naga warrior spits poison at you.
The splash of poison reflects off an invisible shield around you!
The splash of poison hits the naga warrior.
The naga warrior constricts you.
You slash the naga warrior! You burn the naga warrior.
The naga warrior is moderately wounded.
You constrict the naga warrior.
You feel sick.
The naga warrior hits you with a +0 halberd!
* * * LOW HITPOINT WARNING * * *
x2 The naga warrior constricts you.
You hit the naga warrior but do no damage.
The naga warrior is moderately wounded.
You constrict the naga warrior.
You feel sick. The naga warrior spits poison at you.
The splash of poison misses you.
You die...

... .. ###.N.. ...
##)##...# #...
##...##...# #...#
#.....##...# #...#
#......##.:.##...#
#.......##.)))..#
##....).)##)N..#
##....#@N##))###
####.##..N)...#
##.########.# #..#
... .. ####.##
.... ... #....#
.## ...## ##.####
.# ..... ##..#
......#..##


You could see a naga warrior (catching breath) and a naga.

Vanquished Creatures
  Jorgrun (D:15)
  3 nagarajas
  2 orc warlords (Orc:1)
  Nessos (D:15)
  The ghost of uibert the Fighter, a journeyman HOBe of Trog (D:13)
  The ghost of sahdkjhfkaj the Thrower, a journeyman TrBe of Trog (Lair:2)
  A fire dragon (D:15)
  An ice dragon (D:15)
  5 hydras
  Harold (D:9)
  2 boulder beetles
  8 naga warriors
  A catoblepas (Lair:6)
  16 two-headed ogres
  3 centaur warriors
  5 ogre magi
  6 anacondas
  A death yak (Lair:6)
  2 tengu warriors (D:13)
  6 shock serpents
  Urug (D:13)
  8 naga sharpshooters
  7 skeletal warriors
  3 salamander mystics
  2 unseen horrors
  4 naga ritualists
  A wizard (D:12)
  A lindwurm (Lair:6)
  4 orc knights
  8 mana vipers
  A wolf spider zombie (D:13)
  13 orc sorcerers
  A deep elf mage (D:14)
  A wolf spider (D:15)
  7 ugly things
  2 cyclopes (D:13)
  7 salamanders
  Maurice (D:9)
  4 manticores
  16 elephants
  Joseph (Lair:1)
  19 black mambas
  3 guardian serpents (Snake:4)
  9 naga magi
  3 gargoyles
  15 cane toads
  3 torpor snails
  6 rime drakes
  Maggie (D:6)
  2 efreet (D:15)
  13 komodo dragons
  A yaktaur (D:12)
  A kobold demonologist (D:15)
  6 polar bears
  2 tengu conjurers (D:13)
  9 trolls
  A queen bee (Lair:6)
  3 meliai (Lair:6)
  7 hornets
  12 slime creatures
  17 blink frogs
  2 meliai zombies (D:15)
  2 centaur simulacra (D:15)
  14 spriggans
  10 wyverns
  3 shadows
  31 yaks
  3 wraiths
  Eustachio (D:4)
  16 humans (D:13)
  A human (shapeshifter) (D:13)
  7 basilisks
  Grum (Lair:1)
  A vampire mosquito (D:12)
  35 nagas
  2 steam dragons
  Edmund (D:6)
  Menkaure (D:6)
  3 wargs (Orc:1)
  2 acid dragons
  A soldier ant (D:10)
  A swamp worm (Lair:3)
  Duvessa (D:5)
  9 water moccasins
  6 black bears
  5 ice beasts
  40 orc warriors
  4 sky beasts
  3 phantoms
  4 boggarts (Lair:6)
  3 eyes of draining
  2 necrophages (D:8)
  A hornet zombie (D:8)
  30 wolves
  29 ogres
  6 centaurs
  5 big kobolds
  A gnoll sergeant (Orc:1)
  13 bullfrogs
  Dowan (D:5)
  A wyvern skeleton (D:13)
  A scorpion (shapeshifter) (D:15)
  4 scorpions
  A blink frog simulacrum (Lair:2)
  32 killer bees
  12 wights
  An electric eel (Lair:5)
  7 howler monkeys
  A rime drake simulacrum (Lair:2)
  7 hounds
  3 bullfrog zombies
  2 wyvern simulacra (Lair:2)
  2 jellies
  5 centaur skeletons
  15 orc priests
  44 orc wizards
  2 bullfrog skeletons
  4 iguanas
  3 worker ants
  A yak simulacrum (Lair:2)
  A bullfrog simulacrum (Lair:2)
  A hound zombie (D:7)
  A black bear simulacrum (Lair:2)
  A howler monkey zombie (D:9)
  A worker ant zombie (D:8)
  Robin (D:2)
  3 gnolls (Orc:1)
  16 adders
  2 howler monkey skeletons
  A river rat (Sewer)
  2 shadow imps
  7 white imps
  2 ufetubi
  An adder skeleton (D:9)
  An adder zombie (D:7)
  7 worms
  6 dart slugs
  8 leopard geckos
  118 orcs
  9 bats
  8 giant cockroaches
  17 goblins
  12 hobgoblins
  8 jackals
  39 kobolds
  3 quokkas
  7 ball pythons
  7 frilled lizards
  33 rats
  A bush (Lair:5)
1066 creatures vanquished.

Vanquished Creatures (collateral kills)
  A blink frog (Lair:4)
  A wolf (Lair:4)
2 creatures vanquished.

Vanquished Creatures (others)
  A naga mage (Snake:4)
  A big kobold (D:13)
  2 kobolds (D:13)
  A bush (Lair:6)
  47 fungi
  46 plants
98 creatures vanquished.

Grand Total: 1166 creatures vanquished

Notes
Turn   | Place    | Note
-------+----------+-------------------------------------------
     0 | D:1      | Lucherd the Naga Wanderer began the quest for the Orb.
     0 | D:1      | Lucherd set off with the following items: a +0 hand
                  | crossbow, a +2 scale mail, 29 bolts, a potion of
                  | lignification
     0 | D:1      | Reached XP level 1. HP: 21/21 MP: 1/1
    99 | D:1      | Reached skill level 2 in Stealth
   134 | D:1      | Reached XP level 2. HP: 28/28 MP: 2/2
   378 | D:1      | Reached XP level 3. HP: 34/34 MP: 3/3
   615 | D:1      | Reached skill level 3 in Stealth
   903 | D:2      | Reached skill level 1 in Crossbows
   964 | D:2      | Reached XP level 4. HP: 44/44 MP: 4/4
  1010 | D:2      | Noticed Robin
  1020 | D:2      | Killed Robin
  1127 | D:2      | Reached skill level 4 in Stealth
  1163 | D:2      | Found a glowing golden altar of the Shining One.
  1186 | D:2      | Became a worshipper of the Shining One
  1354 | D:2      | Reached XP level 5. HP: 50/50 MP: 5/5
  1598 | D:3      | Found a glowing drain.
  1601 | Sewer    | Entered a sewer
  1947 | Sewer    | Noticed a big kobold
  1952 | Sewer    | Killed a big kobold
  1953 | Sewer    | Reached skill level 5 in Stealth
  1953 | Sewer    | Reached XP level 6. HP: 50/58 MP: 6/6
  2052 | Sewer    | Got a shimmering ring mail
  2053 | Sewer    | Identified the +1 ring mail of Lesser Demons {MP+9 Slay+2}
                  | (You found it in a sewer)
  2452 | D:3      | Reached * piety under the Shining One
  2455 | D:3      | Found a snail-covered altar of Cheibriados.
  2894 | D:3      | Noticed a phantom
  2917 | D:3      | Killed a phantom
  2918 | D:3      | Reached skill level 6 in Stealth
  3054 | D:4      | Found Budongag's Book Shoppe.
  3079 | D:4      | Found Leyq's General Store.
  3088 | D:4      | Bought a potion of heal wounds for 70 gold pieces
  3160 | D:4      | Reached skill level 5 in Fighting
  3160 | D:4      | Reached XP level 7. HP: 60/67 MP: 7/7
  3161 | D:4      | Reached skill level 1 in Invocations
  3217 | D:4      | Found Diyst's General Store.
  3279 | D:4      | Bought a scroll of identify for 24 gold pieces
  3414 | D:4      | Noticed Eustachio
  3432 | D:4      | Killed Eustachio
  3433 | D:4      | Reached skill level 7 in Stealth
  3482 | D:4      | Found Taanoer's Distillery.
  3488 | D:4      | Bought a potion of curing for 36 gold pieces
  3494 | D:4      | Found Uguffoo's Assorted Antiques.
  3728 | D:5      | Entered Level 5 of the Dungeon
  3836 | D:5      | Noticed Dowan
  3836 | D:5      | Noticed Duvessa
  3849 | D:5      | Killed Duvessa
  3850 | D:5      | Reached XP level 8. HP: 43/76 MP: 9/9
  3856 | D:5      | Killed Dowan
  4084 | D:5      | Reached skill level 8 in Stealth
  4194 | D:5      | Found Vysog's Weapon Shoppe.
  4410 | D:5      | Identified a scroll of acquirement
  4410 | D:5      | Acquired 905 gold pieces
  4853 | D:4      | Bought the +3 pair of gloves of the Serpent {rElec Will+
                  | Int+2} for 519 gold pieces
  5186 | D:4      | Bought a scroll of brand weapon for 240 gold pieces
  5408 | D:6      | Reached skill level 9 in Stealth
  5461 | D:6      | Found a staircase to the Ecumenical Temple.
  5469 | Temple   | Entered the Ecumenical Temple
  5492 | Temple   | Fell from the grace of the Shining One
  5492 | Temple   | Became a worshipper of Elyvilon the Healer
  5569 | D:4      | Bought a glowing buckler for 217 gold pieces
  5623 | D:6      | Noticed Maggie
  5637 | D:6      | Reached skill level 1 in Evocations
  5731 | D:6      | Reached XP level 9. HP: 78/85 MP: 11/11
  5789 | D:6      | Reached * piety under Elyvilon
  5928 | D:6      | Noticed Edmund
  5935 | D:6      | Killed Edmund
  6010 | D:6      | Noticed Menkaure
  6019 | D:6      | Killed Menkaure
  6020 | D:6      | Reached skill level 1 in Shields
  6981 | D:7      | Reached ** piety under Elyvilon
  7060 | D:7      | Found a huge runed translucent gate.
  7060 | D:7      | Found a huge runed translucent gate.
  7060 | D:7      | Noticed a polar bear
  7061 | D:7      | Noticed a polar bear
  7062 | D:7      | Found a huge runed translucent gate.
  7062 | D:7      | Noticed a manticore
  7062 | D:7      | Noticed a polar bear
  7062 | D:7      | Noticed a death yak
  7063 | D:7      | Found a huge runed translucent gate.
  7843 | D:8      | Reached skill level 5 in Axes
  7843 | D:8      | Reached skill level 10 in Stealth
  8168 | D:8      | Reached XP level 10. HP: 79/96 MP: 13/13
  8387 | D:6      | Found a staircase to the Ecumenical Temple.
  8412 | D:6      | Killed Maggie
  8413 | D:6      | Reached skill level 5 in Invocations
  9612 | D:9      | Found a staircase to the Orcish Mines.
  9742 | D:9      | Noticed Harold
  9778 | D:9      | Killed Harold
  9779 | D:9      | Reached skill level 5 in Crossbows
  9879 | D:9      | Reached *** piety under Elyvilon
 10035 | D:9      | Reached skill level 11 in Stealth
 10050 | D:9      | Reached XP level 11. HP: 25/106 MP: 15/15
 10223 | D:9      | Found a staircase to the Lair.
 10496 | D:9      | Noticed Maurice
 10513 | D:9      | Killed Maurice
 10821 | D:10     | Entered Level 10 of the Dungeon
 11527 | D:10     | Found Suduxan's Jewellery Shoppe.
 11661 | D:10     | Reached **** piety under Elyvilon
 12091 | D:11     | Noticed a skeletal warrior
 12102 | D:11     | Killed a skeletal warrior
 12237 | Lair:1   | Entered Level 1 of the Lair of Beasts
 12510 | Lair:1   | Noticed Joseph
 12528 | Lair:1   | Killed Joseph
 12759 | Lair:1   | Noticed Grum
 12764 | Lair:1   | Reached skill level 5 in Evocations
 12773 | Lair:1   | Killed Grum
 12774 | Lair:1   | Reached skill level 10 in Fighting
 13346 | Lair:2   | Noticed a five-headed hydra
 13357 | Lair:2   | Killed a five-headed hydra
 13649 | Lair:2   | Reached ***** piety under Elyvilon
 13668 | Lair:2   | Reached skill level 12 in Stealth
 13798 | Lair:2   | Noticed a boulder beetle
 13810 | Lair:2   | Killed a boulder beetle
 13811 | Lair:2   | Reached XP level 12. HP: 61/117 MP: 17/17
 14143 | Lair:2   | Noticed an eight-headed hydra
 14780 | Lair:3   | Found a runed translucent gate.
 14780 | Lair:3   | Found a runed translucent gate.
 14781 | Lair:3   | Found a runed translucent gate.
 14783 | Lair:3   | Noticed Kiul's ghost (journeyman OpEE)
 15318 | Lair:3   | Reached skill level 5 in Shields
 15490 | Lair:3   | Noticed a seven-headed hydra
 15621 | Lair:3   | Noticed a six-headed hydra
 15633 | Lair:3   | Killed a six-headed hydra
 15668 | Lair:3   | Killed a seven-headed hydra
 15818 | Lair:3   | Found a staircase to the Swamp.
 15930 | Lair:3   | Noticed a four-headed hydra
 15939 | Lair:3   | Pacified a four-headed hydra
 16629 | Lair:4   | Reached skill level 13 in Stealth
 16748 | Lair:4   | You fall into a shaft and drop 2 floors!
 16748 | Lair:6   | Entered Level 6 of the Lair of Beasts
 16796 | Lair:6   | Gained mutation: You can use your snake-like lower body to
                  | constrict enemies. [Naga growth]
 16796 | Lair:6   | Reached XP level 13. HP: 39/127 MP: 19/19
 17982 | Lair:4   | Found a runed translucent door.
 17985 | Lair:4   | Found a staircase to the Snake Pit.
 17986 | Lair:4   | Identified the +9 spear of Bacyluim {vorpal, rElec Int+7
                  | Dex+2}
 18026 | Lair:4   | Noticed hehateme's ghost (journeyman GnWn)
 18153 | Lair:4   | Reached ****** piety under Elyvilon
 19001 | Lair:5   | Found a staircase to the Slime Pits.
 19683 | Lair:5   | Reached skill level 14 in Stealth
 19807 | Lair:5   | You fall into a shaft and drop 1 floor!
 19832 | Lair:6   | Reached XP level 14. HP: 56/166 MP: 24/24
 20933 | Lair:6   | Identified Asmodeus's Handbook of Creation
 22308 | Lair:2   | Found a runed translucent gate.
 22308 | Lair:2   | Found a runed translucent gate.
 22308 | Lair:2   | Found a runed translucent gate.
 22310 | Lair:2   | Noticed sahdkjhfkaj's ghost (journeyman TrBe)
 22534 | Lair:2   | Killed sahdkjhfkaj's ghost
 22573 | Lair:2   | Got the ring "Dequ" {Fire}
 23360 | D:11     | Found a broken altar of Ashenzari.
 23863 | D:12     | Identified the ring "Dequ" {Fire Str+4} (You found it on
                  | level 2 of the Lair of Beasts)
 23954 | D:12     | Found Wetokkou's Weapon Emporium.
 23966 | D:12     | Bought a +5 broad axe of flaming for 478 gold pieces
 24021 | D:12     | Reached skill level 15 in Stealth
 24300 | D:12     | Got a smoking steel ring
 24305 | D:12     | Identified the ring "Vuv Hiy" {Ice rElec Int+2} (You found
                  | it on level 12 of the Dungeon)
 24687 | D:13     | Reached skill level 10 in Invocations
 24735 | D:13     | Noticed Urug
 24736 | D:13     | Found a gate to the Vaults.
 24741 | D:13     | Killed Urug
 24742 | D:13     | Reached XP level 15. HP: 158/177 MP: 27/27
 25745 | D:13     | Found Jorigaxos's Distillery.
 25749 | D:13     | Bought 2 potions of heal wounds for 150 gold pieces
 25875 | D:13     | Got a pitted pewter ring
 25877 | D:13     | Identified the ring of Kualew {rPois rN+ Dex+2} (You found
                  | it on level 13 of the Dungeon)
 26284 | D:13     | Reached skill level 10 in Axes
 26409 | D:13     | Found a large runed translucent door.
 26409 | D:13     | Found a large runed translucent door.
 26412 | D:13     | Noticed uibert's ghost (journeyman HOBe)
 26430 | D:13     | Killed uibert's ghost
 27381 | D:14     | Found a sacrificial altar of Ru.
 27707 | D:15     | Entered Level 15 of the Dungeon
 27829 | D:15     | Noticed Jorgrun
 27839 | D:15     | Killed Jorgrun
 28547 | D:15     | Found Jasyus's Gadget Shop.
 28556 | D:15     | Reached XP level 16. HP: 160/160 MP: 24/24
 28635 | D:15     | Reached skill level 16 in Stealth
 29104 | D:15     | Found a staircase to the Depths.
 29611 | D:15     | Found an opulent altar of Gozag.
 30292 | D:15     | Reached XP level 17. HP: 168/168 MP: 25/25
 30548 | D:15     | Noticed Nessos
 30559 | D:15     | Killed Nessos
 30869 | Orc:1    | Entered Level 1 of the Orcish Mines
 31074 | Orc:1    | Found a roughly hewn altar of Beogh.
 31498 | Orc:1    | Reached skill level 10 in Evocations
 32143 | Orc:2    | Entered Level 2 of the Orcish Mines
 32699 | Orc:2    | Found a staircase to the Elven Halls.
 32794 | Orc:2    | Found a roughly hewn altar of Beogh.
 32893 | Orc:2    | Found Jitim's Antique Armour Shop.
 33095 | Orc:2    | Found an ancient bone altar of Kikubaaqudgha.
 33103 | Orc:2    | Reached skill level 10 in Crossbows
 33114 | Orc:2    | Reached skill level 15 in Fighting
 33455 | Orc:2    | Found a roughly hewn altar of Beogh.
 33455 | Orc:2    | Found Feceic's Magic Scroll Boutique.
 33455 | Orc:2    | Found Mupal's Antique Weapon Shop.
 33472 | Orc:2    | Found Neomon's Book Boutique.
 33538 | Orc:2    | Bought a scroll of blinking for 105 gold pieces
 33538 | Orc:2    | Bought a scroll of fear for 49 gold pieces
 33580 | Orc:2    | Found a radiant altar of Vehumet.
 34145 | Snake:1  | Entered Level 1 of the Snake Pit
 34160 | Snake:1  | Learned a level 4 spell: Summon Lightning Spire
 34490 | Snake:1  | Reached skill level 1 in Summonings
 34755 | Snake:1  | Reached skill level 1 in Air Magic
 34865 | Snake:1  | Reached skill level 1 in Spellcasting
 35749 | Snake:2  | You fall into a shaft and drop 1 floor!
 35757 | Snake:3  | Reached skill level 17 in Stealth
 35764 | Snake:3  | Reached XP level 18. HP: 26/178 MP: 18/26
 36272 | Snake:3  | HP: 6/178 [black mamba (4)]
 37558 | Snake:3  | Identified the +11 trident of Untimely Demise {drain, rElec
                  | Str+4 Dex+2}
 38556 | Snake:4  | Entered Level 4 of the Snake Pit
 38778 | Snake:4  | HP: 3/181 [naga sharpshooter/arrow (23)]
 39269 | Snake:4  | HP: 7/181 [naga warrior/+0 halberd (15)]
 39270 | Snake:4  | Slain by a naga warrior

Illustrated notes

Levels and vault maps discovered:
D:1:      dpeg_arrival_another_circle, layout_basic,
          minmay_misc_feat_more_columns
D:2:      layout_loops_ring, overflow_temple_1_default, minmay_tiny_reverse_x,
          uniq_robin
D:3:      layout_basic, gup_sewer_entry_bowl, kennysheep_slug_shrine
D:4:      layout_basic, serial_shops, shop, shop, kennysheep_mini, shop, shop,
          uniq_eustachio
D:5:      layout_loops_ring, serial_shops, shop, uniq_duvessa
D:6:      layout_basic, minmay_temple_entry_glassed_door, uniq_maggie,
          uniq_menkaure, uniq_edmund
D:7:      lemuel_bear_cage, layout_loops_corners, kennysheep_generic_room_4
D:8:      layout_loops_ring, kennysheep_kite_vault
D:9:      layout_loops_ring, erik_lair_dragon, hiddenorc2_lemuel, uniq_maurice,
          uniq_harold
D:10:     minmay_evil_eye, layout_stronghold, serial_shops, shop,
          minmay_crystal_room
D:11:     layout_cave_pods, enter_bailey_3, evilmike_ruin_ashenzari
D:12:     layout_rooms, serial_shops, shop, minivault_23,
          minmay_mirror_moons_of_madness
D:13:     layout_basic, david_vaults_3, ebering_ghost_disaster_area,
          serial_shops, shop
D:14:     layout_long_grid, nicolae_ru_path_of_blood
D:15:     grunt_enter_depths_hoard, layout_stronghold, serial_shops,
          nicolae_shop_stone, kennysheep_doodads, basic_altar, uniq_nessos,
          uniq_jorgrun
Temple:   grunt_wide_crystal_templ
Lair:1:   layout_small_grid, uniq_joseph, uniq_grum
Lair:2:   layout_regular_city, gammafunk_ghost_icy
Lair:3:   layout_regular_city, palyth_hydra_swamp_entry, gammafunk_ghost_split,
          minivault_19, forest_entry_grove
Lair:4:   layout_layer_cave, guppyfry_snake_entry_garden,
          ebering_ghost_funeral_grove
Lair:5:   layout_long_grid, slime_dummy, nicolae_quartered_pool_little
Lair:6:   minmay_lair_end_enchanted_forest, layout_cellular_growth, special_room
          [special_room_bee]
Snake:1:  layout_gridlike
Snake:2:  layout_honeycomb
Snake:3:  layout_onion_interference
Snake:4:  johnstein_snake_rune_scales, layout_rooms
Orc:1:    layout_diamond_mine, basic_altar, minmay_orc_treasury
Orc:2:    kennysheep_orc_mage_school, layout_caves, basic_altar,
          statue_in_the_mist_lemuel

Skill      XL: |  1  2  3  4  5  6  7  8  9 10 11 12 13 14 15 16 17 18 |
---------------+-------------------------------------------------------+-----
Stealth        | 2 3 4 5 6 7 9 10 11 12 13 14 15 16 17 | 17.5
Crossbows      | 1 2 3 4 5 6 7 8 9 10 | 10.0
Fighting       | 4 5 6 8 9 10 11 12 13 14 15 | 15.8
Axes           | 2 3 4 5 6 7 8 9 10 11 12 | 12.5
Invocations    | 2 3 4 5 7 8 9 10 11 12 | 12.1
Evocations     | 1 3 4 5 6 7 8 9 10 | 10.0
Shields        | 2 3 4 5 6 7 8 9 |  9.0
Summonings     | 2 3 |  3.6
Air Magic      | 1 3 |  3.6
Spellcasting   | 1 3 |  3.2
Throwing       | |  1.0
Armour         | |  3.2

Action                   |  1- 3 |  4- 6 |  7- 9 | 10-12 | 13-15 | 16-18 || total
-------------------------+-------+-------+-------+-------+-------+-------++-------
Melee: Morningstar       |    17 |   187 |    31 |       |       |       ||   235
       Dagger            |       |     6 |    64 |    29 |       |       ||    99
       Broad axe         |       |       |   188 |   399 |   781 |   546 ||  1914
       Constrict         |       |       |       |       |   172 |   162 ||   334
 Fire: Hand crossbow     |    80 |    63 |    73 |   267 |   137 |   116 ||   736
Invok: Heal Other        |       |       |       |     2 |     2 |       ||     4
       Greater Healing   |       |       |       |       |     9 |    10 ||    19
       Divine Vigour     |       |       |       |       |     3 |     1 ||     4
       Lesser Healing    |       |       |       |       |       |     1 ||     1
 Abil: Spit Poison       |    11 |     5 |     5 |    12 |     1 |       ||    34
Evoke: Wand              |       |       |       |    11 |     2 |     6 ||    19
       Phial of floods   |       |       |       |       |     1 |     1 ||     2
  Use: Scroll            |       |     7 |    12 |    14 |    15 |     7 ||    55
       Potion            |       |       |     2 |     5 |     4 |     7 ||    18
 Stab: Sleeping          |       |       |     5 |     8 |    28 |    23 ||    64
       Distracted        |       |       |       |     3 |     9 |    13 ||    25
       Petrified         |       |       |       |       |     2 |       ||     2
Armor: Scale mail        |    55 |   137 |       |       |       |       ||   192
       Ring mail         |       |    64 |   186 |   325 |   517 |   261 ||  1353
       Robe              |       |       |    25 |       |       |       ||    25
       Skin              |       |       |     1 |       |   107 |       ||   108
Dodge: Dodged            |    28 |   109 |   160 |   236 |   307 |   146 ||   986
Block: Buckler           |       |       |    80 |   232 |   282 |       ||   594
       Kite shield       |       |       |       |       |   199 |   470 ||   669
       Reflection        |       |       |       |       |       |    37 ||    37

Table legend: (Time is in decaauts)
 A = Elapsed time spent in this place.
 B = Non-inter-level travel time spent in this place.
 C = Inter-level travel time spent in this place.
 D = Time resting spent in this place.
 E = Time spent auto-exploring this place.
 F = Levels seen in this place.
 G = Mean time per level.
                   A        B        C        D        E       F      G
               +--------+--------+--------+--------+--------+-----+--------+
         Total |  48528 |  45477 |   3051 |   3169 |  34404 |  29 | 1673.4 |
       Dungeon |  24868 |  22789 |   2079 |    713 |  18147 |  15 | 1657.9 |
        Temple |     50 |     33 |     17 |      0 |     21 |   1 |   50.0 |
          Lair |  12979 |  12384 |    595 |   1363 |   8941 |   6 | 2163.2 |
     Snake Pit |   5931 |   5767 |    164 |    540 |   4420 |   4 | 1482.8 |
  Orcish Mines |   3648 |   3453 |    195 |    452 |   2287 |   2 | 1824.0 |
         Sewer |   1050 |   1050 |      0 |    100 |    586 |   1 | 1050.0 |
               +--------+--------+--------+--------+--------+-----+--------+

Top non-repeatable levels by time:
    D:15: 3473 daAuts
  Lair:6: 3188 daAuts
     D:6: 2680 daAuts
  Lair:3: 2563 daAuts
    D:13: 2497 daAuts
     D:9: 2288 daAuts
  Lair:2: 2151 daAuts
 Snake:3: 2137 daAuts
  Lair:4: 1936 daAuts
   Orc:1: 1891 daAuts
   Orc:2: 1756 daAuts
  Lair:5: 1732 daAuts
    D:10: 1647 daAuts
     D:8: 1591 daAuts
    D:11: 1588 daAuts
